[Event "Late-Titled-Tuesday-Blitz-October-17-2023"]
[Site "Chess.com"]
[Date "2023.10.17"]
[Round "9"]
[White "GlavkonVVS"]
[Black "elprimo2012mortis"]
[Result "0-1"]
[WhiteElo "2533"]
[BlackElo "2696"]
[TimeControl "180+1"]
[EndTime "15:40:30 PDT"]
[Termination "elprimo2012mortis won on time"]

1. Nf3 d5 2. c4 d4 3. e3 c5 4. b4 dxe3 5. fxe3 cxb4 6. d4 e5 7.
Nxe5 Nc6 8. Nf3 Nf6 9. Bd3 Bg4 10. Bb2 Bd6 11. O-O O-O 12. Nbd2 Bc7 13. Qc2 h5 14. h3 Bxf3 15. Nxf3 Ng4 16. hxg4 hxg4 17. Bh7+ Kh8 18. Bf5 gxf3 19. Rxf3 g6 20. Raf1 Qg5 21. Be4 Rae8 22. Bxc6 bxc6 23. Qf2 f5 24. d5+ Kg8 25. dxc6 Re7 26.
Bd4 Rh7 27. Rb1 Re8 28. Rxb4 Bh2+ 29. Kf1 Bd6 30. Rb5 Qg4 31. Rd5 Rh1+ 32. Ke2 Bb4 0-1

[Event "Late-Titled-Tuesday-Blitz-October-17-2023"]
[Site "Chess.com"]
[Date "2023.10.17"]
[Round "9"]
[White "amanmuhammethommadov"]
[Black "nicholas_ilic"]
[Result "1-0"]
[WhiteElo "2537"]
[BlackElo "2358"]
[TimeControl "180+1"]
[EndTime "15:40:31 PDT"]
[Termination "amanmuhammethommadov won on time"]

1. e4 c5 2. Nf3 Nc6 3. d4 cxd4 4. Nxd4 g6 5. Nc3 Bg7 6. Be3 Nf6 7. Bc4 d6 8. f3 O-O 9. Bb3 a5 10. a4 Nb4 11. Qd2 Bd7 12. h4 Bc6 13. h5 d5 14.
hxg6 hxg6 15. Bh6 Nh5 16. Rxh5 Bxd4 17. Qxd4 e5 18. Qxe5 f6 19. Qe6+ Rf7 20. Qg4 Kh7 21. Rh1 f5 22. Be3+ Kg8 23. Qxg6+ Rg7 24. Qe6+ Kf8 25. Bc5+ Re7 26. Rh7 Be8 27. Bxe7+ 1-0

[Event "Late-Titled-Tuesday-Blitz-October-17-2023"]
[Site "Chess.com"]
[Date "2023.10.17"]
[Round "9"]
[White "venturov"]
[Black "krzyzan94"]
[Result "0-1"]
[WhiteElo "2486"]
[BlackElo "2786"]
[TimeControl "180+1"]
[EndTime "15:40:37 PDT"]
[Termination "krzyzan94 won by resignation"]

1. e4 e5 2. Bc4 Nf6 3. d3 Nc6 4. Nc3 Na5 5. Nge2 c6 6. a4 Nxc4 7. dxc4 d6 8. h3 Be6 9. b3 Qc7 10. Be3 Be7 11. O-O O-O 12. Qd3 b6 13. a5 Rfd8 14.
axb6 axb6 15. Ra4 Rxa4 16. Nxa4 Nd7 17. f4 exf4 18. Nxf4 Bg5 19. Nxe6 Bxe3+ 20. Qxe3 fxe6 21. Qg5 Ne5 22. Nc3 h6 23. Qe3 b5 24. c5 b4 25. Ne2 d5 26. Nd4 Qe7 27. Qf4 Ng6 28.
Qg3 Qxc5 29. Qxg6 Qxd4+ 30. Kh1 Qxe4 31. Qf7+ Kh7 32. Qe7 Ra8 33. Rf6 Qe1+ 34. Kh2 Qe5+ 0-1

[Event "Late-Titled-Tuesday-Blitz-October-17-2023"]
[Site "Chess.com"]
[Date "2023.10.17"]
[Round "9"]
[White "GM_dmitrij"]
[Black "Beca95"]
[Result "0-1"]
[WhiteElo "3029"]
[BlackElo "2944"]
[TimeControl "180+1"]
[EndTime "15:40:38 PDT"]
[Termination "Beca95 won on time"]

1. e4 c5 2. Nf3 d6 3. Bb5+ Nd7 4. c4 Nf6 5. Nc3 g6 6. d3 Bg7 7. h3 O-O 8. Ba4 Ne5 9. Nxe5 dxe5 10. Be3 b6 11. a3 Nh5 12. O-O Nf4 13. Bc2 f5 14. Kh2 Ne6 15. f3 Nd4 16. b4 e6 17. Rb1 Rf7 18. Ba4 g5 19. bxc5 bxc5 20. Ne2 h5 21. Bxd4 exd4 22. Bc6 Qc7+ 23. f4 Qxc6 24. exf5 Rxf5 25.
Ng3 Rxf4 26. Qxh5 e5 27. Ne4 Qh6 28. Qe8+ Kh7 29. Qd8 Rxe4 30. dxe4 Bb7 31. Qd7 Bxe4 32. Rbe1 Qg6 33. Rf7 Rg8 34. Qxa7 g4 35. h4 g3+ 36. Kg1 Bc6 37. Rc7 Qc2 0-1

[Event "Late-Titled-Tuesday-Blitz-October-17-2023"]
[Site "Chess.com"]
[Date "2023.10.17"]
[Round "9"]
[White "kai_nov"]
[Black "sorch29"]
[Result "0-1"]
[WhiteElo "2276"]
[BlackElo "2398"]
[TimeControl "180+1"]
[EndTime "15:40:45 PDT"]
[Termination "sorch29 won on time"]

1. d4 Nf6 2. c4 g6 3. f3 Bg7 4.
e4 d6 5. Nc3 O-O 6. Bg5 c5 7.
d5 e6 8. Qd2 exd5 9. cxd5 h6 10.
Be3 Nh7 11. Nge2 a6 12. a4 Nd7 13. Ng3 h5 14. Nd1 Ne5 15. Bd3 h4 16. Ne2 h3 17. O-O hxg2 18. Kxg2 Qh4 19. Ng1 Nxd3 20. Qxd3 f5 21. Bf2 Qh5 22. Nc3 Ng5 23. h4 Nf7 24.
f4 fxe4 25. Nxe4 Bf5 26. Rae1 Rae8 27. Qf3 Qxf3+ 28. Kxf3 Bxb2 29. Ng3 Bd3 30. Rxe8 Rxe8 31. Rd1 c4 32. N1e2 Nh6 33. Nd4 Nf5 34. Ngxf5 gxf5 35. Ne6 Kf7 36. Bb6 Bf6 37. h5 Rh8 0-1

[Event "Late-Titled-Tuesday-Blitz-October-17-2023"]
[Site "Chess.com"]
[Date "2023.10.17"]
[Round "9"]
[White "CraiggoryC"]
[Black "Inepton_Fermion"]
[Result "1-0"]
[WhiteElo "2231"]
[BlackElo "2369"]
[TimeControl "180+1"]
[EndTime "15:40:46 PDT"]
[Termination "CraiggoryC won by resignation"]

1. e4 c5 2. Nf3 d6 3. d4 cxd4 4. Nxd4 Nf6 5. Nc3 a6 6. Be3 e6 7.
g4 d5 8. g5 Nxe4 9. Nxe4 dxe4 10. Bg2 Be7 11. Qd2 Bd7 12. Bxe4 Nc6 13. O-O-O Qc7 14.
Kb1 Rc8 15. h4 O-O 16. h5 Nxd4 17. Bxd4 Bc6 18. Bxh7+ Kxh7 19. g6+ Kg8 20. h6 Bxh1 21. Rxh1 Rfd8 22. h7+ Kh8 23. Bxg7+ Kxg7 24. Qh6+ Kf6 25. g7+ Ke5 26. Qh2+ Kf6 27. Qxc7 Rxc7 28. g8=Q Rxg8 29. hxg8=Q Bd6 30. Qd8+ Re7 31. Qxd6 b5 32. Rh6+ Kg7 33.
Qxe7 Kxh6 34. Qxf7 b4 35. Qxe6+ Kg7 36. Qxa6 b3 37.
axb3 Kh8 38. Qd3 Kg8 39. b4 Kh8 40. b5 Kg8 41. b6 Kh8 42. b7 1-0

[Event "Late-Titled-Tuesday-Blitz-October-17-2023"]
[Site "Chess.com"]
[Date "2023.10.17"]
[Round "9"]
[White "nitpicker"]
[Black "becemix"]
[Result "1-0"]
[WhiteElo "2242"]
[BlackElo "2422"]
[TimeControl "180+1"]
[EndTime "15:40:46 PDT"]
[Termination "nitpicker won on time"]

1. d4 e6 2. c4 Nf6 3. g3 d5 4. Nf3 Nbd7 5. Qc2 Bb4+ 6. Bd2 Be7 7. Bg2 O-O 8. O-O Nb6 9. b3 Bd7 10. Ne5 Bc6 11. Nxc6 bxc6 12. c5 Nbd7 13. f4 Ng4 14. h3 Nh6 15. Nc3 Nf5 16. Qd3 f6 17. e4 Nh6 18. g4 e5 19. b4 exd4 20. Qxd4 a5 21. a3 axb4 22. axb4 Rb8 23. Na4 dxe4 24. Bxe4 Nf7 25.
Bxc6 Nde5 26. Qxd8 Nxd8 27. Bd5+ Nef7 28. Rfe1 Kh8 29. Rxe7 c6 30. Bc4 Nh6 31. Nb6 Ndf7 32. Nd7 1-0

[Event "Late-Titled-Tuesday-Blitz-October-17-2023"]
[Site "Chess.com"]
[Date "2023.10.17"]
[Round "9"]
[White "GianmarcoVaR"]
[Black "zajka-molotok"]
[Result "1-0"]
[WhiteElo "2703"]
[BlackElo "2560"]
[TimeControl "180+1"]
[EndTime "15:40:48 PDT"]
[Termination "GianmarcoVaR won by resignation"]

1. d4 Nf6 2. Nf3 e6 3. c4 c5 4. d5 d6 5. Nc3 exd5 6. cxd5 g6 7. e4 Bg7 8. Bb5+ Bd7 9. Bxd7+ Nbxd7 10. Bf4 Qe7 11. O-O O-O 12. Re1 Ng4 13. Qc2 Nge5 14. Nd2 Rab8 15. a4 c4 16. Be3 a6 17. Ba7 Rbc8 18. a5 Nc5 19. h3 Ncd3 20. Re3 Bh6 21. Re2 Nf4 22. Re3 Qg5 23. Rg3 Qh5 24. Be3 Ned3 25.
Nf3 Rfe8 26. Qd2 Kh8 27. Ne1 g5 28. Nxd3 cxd3 29. Rg4 Bg7 30. Bxf4 gxf4 31. Qxd3 Be5 32. Qf3 Rg8 33. Rxg8+ Rxg8 34. Qxh5 1-0

[Event "Late-Titled-Tuesday-Blitz-October-17-2023"]
[Site "Chess.com"]
[Date "2023.10.17"]
[Round "9"]
[White "Bala-Afiada"]
[Black "HouseOfDurin"]
[Result "1/2-1/2"]
[WhiteElo "1918"]
[BlackElo "2265"]
[TimeControl "180+1"]
[EndTime "15:41:02 PDT"]
[Termination "Game drawn by repetition"]

1. d4 Nf6 2. c4 c5 3. d5 b5 4.
cxb5 a6 5. b6 d6 6. Nc3 Nbd7 7.
a4 a5 8. e4 Ba6 9. Nb5 Qxb6 10.
Nf3 Nxe4 11. Bd3 Bxb5 12. Bxb5 Nf6 13. O-O e5 14. dxe6 fxe6 15. Ng5 d5 16. Re1 Ne4 17. Nxe4 O-O-O 18. Nc3 Bd6 19. g3 Rde8 20. Qg4 Ne5 21. Rxe5 Bxe5 22. Bf4 Bxf4 23. Bxe8 Be5 24. Bf7 Kd7 25.
Nb5 Rf8 26. Qh5 c4 27. Re1 Ke7 28. Qxe5 Rxf7 29. Nc7 Qxf2+ 30. Kh1 Qf3+ 31. Kg1 Qf2+ 32. Kh1 Qf3+ 33. Kg1 Qf2+ 1/2-1/2

[Event "Late-Titled-Tuesday-Blitz-October-17-2023"]
[Site "Chess.com"]
[Date "2023.10.17"]
[Round "9"]
[White "arminmusovic"]
[Black "campochess"]
[Result "1-0"]
[WhiteElo "2460"]
[BlackElo "2197"]
[TimeControl "180+1"]
[EndTime "15:41:04 PDT"]
[Termination "arminmusovic won on time"]

1. e4 c5 2. c3 Nf6 3. e5 Nd5 4. d4 cxd4 5. Nf3 d6 6. exd6 e6 7. cxd4 Bxd6 8. Bd3 Nc6 9. Nc3 Nxc3 10. bxc3 Qc7 11. O-O Bf4 12. Ba3 Ne7 13. Qa4+ Kf8 14. c4 Bd6 15. c5 Bf4 16. g3 Bh6 17. Rfe1 g5 18. Ne5 Bg7 19. c6 b6 20. Rac1 h5 21. Rc2 h4 22. Rce2 hxg3 23. fxg3 f5 24. Ng6+ Kf7 25.
Nxe7 b5 26. Bxb5 Rb8 27. d5 Qb6+ 28. Kg2 Qxb5 29. Qxb5 Rxb5 30. d6 Ra5 31. Nxc8 Rxa3 32. d7 Rd3 33. Rxe6 Rd2+ 34. R6e2 Rxe2+ 35. Rxe2 Bf6 36. Re8 Rxe8 37. Nd6+ 1-0

[Event "Late-Titled-Tuesday-Blitz-October-17-2023"]
[Site "Chess.com"]
[Date "2023.10.17"]
[Round "9"]
[White "Hrant_ChessMood"]
[Black "Zq1"]
[Result "1-0"]
[WhiteElo "2924"]
[BlackElo "2569"]
[TimeControl "180+1"]
[EndTime "15:41:06 PDT"]
[Termination "Hrant_ChessMood won by resignation"]

1. d4 Nf6 2. c4 a6 3. Nc3 c5 4. d5 b5 5. cxb5 axb5 6. Nxb5 Qa5+ 7. Nc3 Bb7 8. Bd2 Qb6 9. e4 e6 10. Bc4 Nxe4 11. Nxe4 exd5 12. Qe2 dxe4 13. Nf3 Be7 14. Ne5 d5 15. Bb5+ Nc6 16. O-O Rd8 17. Ba5 Qxa5 18. Bxc6+ Bxc6 19. Nxc6 Qa8 20. Nxd8 Qxd8 21. Rfd1 O-O 22. a4 f5 23. a5 d4 24. Qc4+ Kh8 25. a6 Qd7 26. b4 cxb4 27. Rxd4 Qa7 28. Rad1 Bf6 29. Rd7 Qa8 30. Qxb4 Rg8 31. Qb7 Qe8 32. a7 f4 33. Re1 e3 34. fxe3 fxe3 35. Qd5 h6 36. g3 e2 37. Kg2 Rf8 38. Qd3 Qa8+ 39. Qd5 Qe8 40. Rb7 Bc3 41. Rb8 1-0

[Event "Late-Titled-Tuesday-Blitz-October-17-2023"]
[Site "Chess.com"]
[Date "2023.10.17"]
[Round "9"]
[White "Hirna2005"]
[Black "zverr1"]
[Result "0-1"]
[WhiteElo "2332"]
[BlackElo "2513"]
[TimeControl "180+1"]
[EndTime "15:41:06 PDT"]
[Termination "zverr1 won by checkmate"]

1. e4 c5 2. c3 g6 3. d4 cxd4 4.
cxd4 d5 5. Nc3 dxe4 6. Bc4 Nc6 7. Be3 Nf6 8. Qb3 e6 9. Bg5 Nxd4 10. Qa4+ Bd7 11.
Bb5 Nxb5 12. Nxb5 a6 13. Bxf6 Bxb5 14. Qd4 Qa5+ 15. Kd1 Be7 16. Bxe7 Kxe7 17. Qc5+ Ke8 18. b4 Qa3 19. Ne2 Qd3+ 20. Kc1 Qxe2 21. Rd1 Bd3 22.
Qc3 Ke7 23. Rd2 Rhc8 24. Rxe2 Bxe2 25. Kd2 Rxc3 26. Kxc3 Rc8+ 27. Kd4 Bd3 28. f3 f5 29. g4 Kd6 30. gxf5 gxf5 31. f4 Rc4+ 32. Ke3 Rxb4 33.
a3 Rb2 34. Rc1 Kd5 35. Rc2 Rxc2 36. h4 Re2# 0-1

[Event "Late-Titled-Tuesday-Blitz-October-17-2023"]
[Site "Chess.com"]
[Date "2023.10.17"]
[Round "9"]
[White "Payyappat"]
[Black "djano"]
[Result "0-1"]
[WhiteElo "2504"]
[BlackElo "2681"]
[TimeControl "180+1"]
[EndTime "15:41:09 PDT"]
[Termination "djano won by resignation"]

1. e4 c5 2. Nf3 Nc6 3. d4 cxd4 4. Nxd4 g6 5. Nc3 Bg7 6. Be3 Nf6 7. f4 Ng4 8. Bg1 d6 9. Be2 Nf6 10. Be3 O-O 11. O-O Bd7 12. f5 Ne5 13. g4 Rc8 14. g5 Rxc3 15. gxf6 Rxe3 16. fxg7 Kxg7 17. Bd3 Nxd3 18. Qd2 Rh3 19. cxd3 Qb6 20. Qf2 Rxd3 21. f6+ exf6 22. Qxf6+ Kg8 23. Rad1 Rxd1 24. Rxd1 Re8 25. Rf1 Rf8 26. Rf2 Bh3 27. Qh4 Qxd4 28. Qxh3 Qxe4 29. Qb3 d5 30. Qxb7 Qe1+ 31. Rf1 Qe4 32. Qb3 d4 33.
Rf3 Kg7 34. Kf2 f5 35. Rd3 Re8 36. Qc2 Qh4+ 37. Kg2 Qg4+ 38. Rg3 Re2+ 39. Kf1 Rxc2 0-1

[Event "Late-Titled-Tuesday-Blitz-October-17-2023"]
[Site "Chess.com"]
[Date "2023.10.17"]
[Round "9"]
[White "karinachess1"]
[Black "ameetghasi100"]
[Result "0-1"]
[WhiteElo "2621"]
[BlackElo "2803"]
[TimeControl "180+1"]
[EndTime "15:41:13 PDT"]
[Termination "ameetghasi100 won on time"]

1. d4 Nf6 2. c4 g6 3. g3 Bg7 4.
Bg2 O-O 5. Nc3 d6 6. h3 c6 7. Nf3 Qb6 8. O-O Qa6 9. b3 b5 10. Qd3 Bf5 11. e4 Nxe4 12. Nxe4 d5 13. Nfd2 bxc4 14. bxc4 dxe4 15. Nxe4 Rd8 16. Be3 e5 17. g4 Bxe4 18. Qxe4 exd4 19. Bg5 Rf8 20. c5 Qc8 21. Rac1 Re8 22. Qf4 Nd7 23. Bh6 Bh8 24.
Rfe1 Ne5 25. Qd2 Qa6 26. f4 Nd7 27. Rxe8+ Rxe8 28. Re1 Rd8 29. Re7 Bf6 30. Qe1 Qc8 31. Re4 Nxc5 32. Re2 d3 33. Re3 Bd4 34. Qd2 Re8 35.
f5 gxf5 0-1

[Event "Late-Titled-Tuesday-Blitz-October-17-2023"]
[Site "Chess.com"]
[Date "2023.10.17"]
[Round "9"]
[White "h4parah5"]
[Black "Polish_fighter3000"]
[Result "0-1"]
[WhiteElo "2932"]
[BlackElo "3065"]
[TimeControl "180+1"]
[EndTime "15:41:15 PDT"]
[Termination "Polish_fighter3000 won by checkmate"]

1. d4 Nf6 2. c4 g6 3. Nc3 d5 4. cxd5 Nxd5 5. e4 Nxc3 6. bxc3 Bg7 7. Bc4 c5 8. Ne2 Nc6 9. Be3 O-O 10. O-O Bg4 11. f3 Bd7 12. Rb1 Rc8 13. Bd3 cxd4 14. cxd4 Na5 15. d5 e6 16. Bxa7 exd5 17. Bb6 Qe7 18.
exd5 Nc4 19. Bxc4 Rxc4 20. Kh1 Ba4 21. Qd3 Rfc8 22. Rbc1 Bb5 23. Rce1 Qd7 24. Qd1 Rc2 25. Rg1 Rxa2 26. Ng3 Ba4 27. Qd3 Bc2 28. Qe3 Qxd5 29. Rc1 Rca8 30. Ne4 Bxe4 31. fxe4 Qd6 32. Rc7 Ra1 33.
Rcc1 Rxc1 34. Rxc1 Be5 35. g3 Qd7 36. Rb1 Ra2 37.
Qf3 h5 38. Bg1 Ra1 39. Rxa1 Bxa1 40. Qa3 Be5 41. Qc5 Qd3 42. Qd5 Qf3# 0-1

[Event "Late-Titled-Tuesday-Blitz-October-17-2023"]
[Site "Chess.com"]
[Date "2023.10.17"]
[Round "9"]
[White "Hambardzumyan_Yuri"]
[Black "Nf3c5"]
[Result "0-1"]
[WhiteElo "2488"]
[BlackElo "2618"]
[TimeControl "180+1"]
[EndTime "15:41:15 PDT"]
[Termination "Nf3c5 won on time"]

1. e4 e5 2. Nf3 Nc6 3. Nc3 Nf6 4. d4 Bb4 5. Nxe5 Qe7 6. Qd3 Nxd4 7. Qxd4 Bc5 8. Qd3 Qxe5 9. f4 Qe7 10. Be3 Bxe3 11.
Qxe3 d6 12. O-O-O O-O 13. Bd3 Re8 14. Rde1 Be6 15. h3 c5 16. e5 dxe5 17. Qxe5 Qf8 18. Qg5 c4 19. Ne4 Nxe4 20. Bxe4 c3 21. bxc3 Qa3+ 22.
Kd2 Red8+ 23. Bd3 Rac8 24. Qe5 Rd5 25. Qe4 Qxc3+ 26. Ke2 g6 27. Rb1 Rd4 28. Qxb7 Bd5 29. Qb2 Re8+ 30. Kf1 Qd2 31. Rg1 Rxd3 32. cxd3 Re1+ 33.
Rxe1 Qxb2 34. g3 Qd2 35. d4 Qd3+ 36. Kf2 Qxd4+ 37. Kf1 Qd2 38. Re7 Bc4+ 0-1

[Event "Late-Titled-Tuesday-Blitz-October-17-2023"]
[Site "Chess.com"]
[Date "2023.10.17"]
[Round "9"]
[White "midedu"]
[Black "SereneSalmon"]
[Result "0-1"]
[WhiteElo "2071"]
[BlackElo "2450"]
[TimeControl "180+1"]
[EndTime "15:41:16 PDT"]
[Termination "SereneSalmon won on time"]

1. e4 e6 2. d3 d5 3. Nd2 Nf6 4.
Ngf3 Nc6 5. c3 Bd6 6. g3 a5 7. a4 O-O 8. Qc2 e5 9. Bg2 Re8 10. O-O h6 11. h3 dxe4 12. dxe4 Be6 13. Rd1 Qc8 14. Kh2 b6 15. Nf1 Nb8 16. Ne3 Nbd7 17. Nh4 g6 18. b3 Nc5 19. c4 Na6 20. Nd5 Bxd5 21. exd5 Nb4 22. Qd2 g5 23. Nf3 Qf5 24.
Bb2 Ne4 25. Qe2 Nc5 26. Rab1 Nxb3 27. Bc3 Nc5 28. Kg1 Nxa4 29. Ba1 Nc5 30. Nh2 Kg7 31. Ng4 f6 32. Ne3 Qg6 33. Bc3 Nba6 34. g4 Nd7 35. Nf5+ Kg8 36. h4 Nac5 37. h5 Qh7 38. Bb2 e4 39. Bd4 Be5 40. d6 cxd6 0-1

[Event "Late-Titled-Tuesday-Blitz-October-17-2023"]
[Site "Chess.com"]
[Date "2023.10.17"]
[Round "9"]
[White "Alexander_Donchenko"]
[Black "vugarrasulov"]
[Result "0-1"]
[WhiteElo "2872"]
[BlackElo "2967"]
[TimeControl "180+1"]
[EndTime "15:41:18 PDT"]
[Termination "vugarrasulov won by checkmate"]

1. Nf3 Nf6 2. g3 d5 3. Bg2 e6 4. O-O Be7 5. c4 O-O 6. d4 dxc4 7. Qc2 b5 8. a4 b4 9. Nfd2 c6 10. Nxc4 Ba6 11. Rd1 Nd5 12. Nbd2 Nd7 13. e4 N5b6 14. a5 Nxc4 15. Nxc4 c5 16. d5 exd5 17. exd5 Bf6 18. Bf4 Bd4 19. Rac1 Qf6 20. b3 Rfe8 21. Be3 Bxc4 22. Bxd4 Bxb3 23. Qxb3 cxd4 24. Qxb4 Rab8 25. Qa4 Re2 26. Rf1 Ne5 27. Qb5 Nf3+ 28. Bxf3 Ree8 29. Qd3 h5 30. Rc4 h4 31. Qxd4 Qxf3 32. Qxh4 Qxd5 33. a6 Rb6 34. Ra4 Rh6 35. Qf4 Qb5 36. Rfa1 Ree6 37.
Rb4 Qh5 38. h4 Rxa6 39. Rb8+ Kh7 40. Qe4+ f5 41. Qd4 Qg4 42. Qb2 Rxa1+ 43. Qxa1 Rxh4 44. Qa2 Qd1+ 45. Kg2 Qh1# 0-1

[Event "Late-Titled-Tuesday-Blitz-October-17-2023"]
[Site "Chess.com"]
[Date "2023.10.17"]
[Round "9"]
[White "sjoerd893"]
[Black "AsaHoffmann"]
[Result "0-1"]
[WhiteElo "2512"]
[BlackElo "2362"]
[TimeControl "180+1"]
[EndTime "15:41:19 PDT"]
[Termination "AsaHoffmann won by resignation"]

1. e4 d6 2. d4 Nf6 3. Nc3 c6 4. f3 Nbd7 5. Be3 e5 6. Qd2 b5 7. O-O-O Qc7 8. g4 Nb6 9. g5 Nfd7 10. Bd3 a6 11. h4 Be7 12. f4 f6 13. f5 Bb7 14.
Nf3 O-O-O 15. Kb1 c5 16. d5 c4 17. Bf1 Nc5 18. a3 Kb8 19. Rg1 Rc8 20. gxf6 Bxf6 21.
Ng5 Bxg5 22. hxg5 Nba4 23. Nxa4 Nxa4 24. Qb4 Nc5 25. Bg2 Qb6 26. Bf3 a5 27. Qe1 b4 28.
axb4 axb4 29. f6 gxf6 30. gxf6 Rhf8 31. Bg4 Rc7 32. Qf2 Qb5 33. Bxc5 Rxc5 34. Be6 c3 35. b3 Qa5 36. Qe3 Qa6 37. Bd7 Ra5 38. Ba4 Bc8 39. Qd3 Rxa4 40. bxa4 Qxa4 41. Qc4 Ba6 42. Qb3 Qb5 43.
Rg7 Rxf6 44. Rxh7 Rf1 45. Rxf1 Qxf1+ 46. Ka2 Bc4 47. Rh8+ Kc7 48. Rh7+ Kd8 49. Rb7 Bxb3+ 50. Kxb3 Qb1+ 51. Kc4 Qxc2 52. Kb5 b3 53. Kc6 b2 54.
Kxd6 Ke8 55. Rb8+ Kf7 56. Rb7+ Kf6 57. Kc7 b1=Q 58. d6 Qxb7+ 59. Kxb7 Qxe4+ 60. Kc7 Qd5 61. d7 Qxd7+ 62. Kxd7 0-1

[Event "Late-Titled-Tuesday-Blitz-October-17-2023"]
[Site "Chess.com"]
[Date "2023.10.17"]
[Round "9"]
[White "JSlaby"]
[Black "wanyaland"]
[Result "1-0"]
[WhiteElo "2593"]
[BlackElo "2464"]
[TimeControl "180+1"]
[EndTime "15:41:21 PDT"]
[Termination "JSlaby won on time"]

1. e4 c5 2. Nf3 e6 3. c3 Nf6 4.
e5 Nd5 5. d4 cxd4 6. cxd4 d6 7. Bc4 Qc7 8. Bxd5 exd5 9. O-O Nc6 10. Nc3 Be6 11. Nb5 Qd8 12. Bg5 Qd7 13. Qa4 a6 14. Rfe1 Rc8 15. Nxd6+ Bxd6 16. exd6 Qxd6 17. a3 O-O 18. Ne5 Rfe8 19. Bf4 Nxe5 20. Bxe5 Qb6 21. b4 Red8 22. Qd1 Rc4 23. h4 f6 24. Bf4 Rxd4 25.
Qf3 Qc6 26. Rac1 Qe8 27. h5 Qf7 28. Rc7 Bd7 29. h6 Re8 30. Be3 Rde4 31. Rd1 d4 32. Rxd4 Rxd4 33. Bxd4 Re1+ 34. Kh2 Qe6 35. Qg3 g5 36. Rxb7 Kf7 37. Rb6 Bc6 38. Qc7+ Kg6 39. Rxc6 1-0

[Event "Late-Titled-Tuesday-Blitz-October-17-2023"]
[Site "Chess.com"]
[Date "2023.10.17"]
[Round "9"]
[White "Bauman_Guy"]
[Black "BrandonJacobson"]
[Result "1-0"]
[WhiteElo "2900"]
[BlackElo "2973"]
[TimeControl "180+1"]
[EndTime "15:41:22 PDT"]
[Termination "Bauman_Guy won by checkmate"]

1. e4 c5 2. Nf3 d6 3. d4 cxd4 4. Nxd4 Nf6 5. Nc3 Nc6 6. Bg5 e6 7. Bb5 Bd7 8. Bxc6 bxc6 9. Qf3 c5 10. Nb3 Be7 11. O-O-O Qc7 12. e5 Bc6 13. exd6 Bxf3 14. dxc7 Bxd1 15. Rxd1 Rc8 16. Nb5 a6 17. Nd6+ Bxd6 18. Rxd6 Rxc7 19. Rxa6 O-O 20. Bf4 Rcc8 21.
Bd6 Ra8 22. Nxc5 Rxa6 23. Nxa6 Ra8 24. Nb4 Ne4 25. Bg3 f5 26. b3 g5 27. f3 Nxg3 28.
hxg3 e5 29. a4 Kf7 30. Kd2 Ke6 31. c4 Rb8 32. Kc3 h5 33. a5 e4 34. fxe4 f4 35. gxf4 g4 36. Nc6 h4 37. Nxb8 Kd6 38. e5+ Kc7 39.
e6 h3 40. gxh3 g3 41. e7 g2 42. e8=Q g1=Q 43. Qe5+ Kc8 44. Nc6 Qc1+ 45. Kb4 Qd2+ 46.
Kb5 Qa2 47. Qe8+ Kc7 48. Qd8+ Kb7 49. Qb8# 1-0

[Event "Late-Titled-Tuesday-Blitz-October-17-2023"]
[Site "Chess.com"]
[Date "2023.10.17"]
[Round "9"]
[White "Fdpo95"]
[Black "acertijo08"]
[Result "1/2-1/2"]
[WhiteElo "2477"]
[BlackElo "2345"]
[TimeControl "180+1"]
[EndTime "15:41:22 PDT"]
[Termination "Game drawn by repetition"]

1. e4 c5 2. Nf3 d6 3. d4 cxd4 4. Nxd4 Nf6 5. Nc3 Nc6 6. g3 e5 7. Nde2 Be7 8. Bg2 O-O 9. O-O Be6 10. h3 Rc8 11. Be3 a6 12. a4 Nb4 13. f4 exf4 14.
Nxf4 Bc4 15. Rf2 Nd7 16. Rc1 Ne5 17. b3 Be6 18. Nce2 Na2 19. Ra1 Nc3 20. Qd2 Nxe2+ 21. Nxe2 b5 22. axb5 axb5 23. Nd4 Qd7 24. Kh2 Ra8 25.
Rff1 Rfc8 26. Ra5 Bd8 27. Rxb5 Ra2 28. Rf2 Raxc2 29. Qxc2 Rxc2 30. Rxc2 h6 31. Rb8 Kh7 32. Ra2 Bg5 33. Bxg5 hxg5 34. Raa8 Qc7 35. Re8 Qc3 36. Nxe6 fxe6 37. Rxe6 Qxb3 38. Rae8 Qb2 39. Kh1 Qc1+ 40. Kh2 Qd2 41. Kh1 Qe1+ 42. Kh2 Qf2 43. Rxe5 dxe5 44.
Rxe5 Kg6 45. Rf5 Qe2 46. Re5 Kf6 47. Rf5+ Kg6 48. Rd5 Kf6 49. Rf5+ Kg6 1/2-1/2

[Event "Late-Titled-Tuesday-Blitz-October-17-2023"]
[Site "Chess.com"]
[Date "2023.10.17"]
[Round "9"]
[White "PawnEatingZombie"]
[Black "VdovinDmitry"]
[Result "1-0"]
[WhiteElo "2276"]
[BlackElo "2065"]
[TimeControl "180+1"]
[EndTime "15:41:22 PDT"]
[Termination "PawnEatingZombie won on time"]

1. e4 e5 2. Nf3 Nc6 3. Bb5 a6 4. Ba4 Nf6 5. Qe2 Bc5 6. c3 d6 7. d4 exd4 8. cxd4 Bb4+ 9. Nc3 O-O 10. O-O Bg4 11. Bxc6 bxc6 12. h3 Bh5 13. e5 Bxc3 14. bxc3 Nd5 15. c4 Nb6 16. g4 Bg6 17. Bf4 d5 18.
cxd5 Nxd5 19. Bd2 Rb8 20. Rfc1 Qd7 21. Qc4 Rb6 22. Ba5 Rb5 23. Be1 Nf4 24. Kh2 Be4 25.
Ng5 h5 26. Nxe4 hxg4 27. Bd2 Nxh3 28. Qxc6 Qf5 29. Be3 Qh5 30. Kg3 g5 31. Rh1 Qh4+ 32. Kg2 Rb6 33. Qd7 Rh6 34. Nf6+ Kg7 35. Qxg4 Qxg4+ 36. Nxg4 Rh4 37. f3 Rfh8 38. Rh2 Nf4+ 39. Bxf4 gxf4 40. Rxh4 Rxh4 41. Rh1 Rxh1 42. Kxh1 Kg6 43.
Kg2 Kf5 44. Kf2 Ke6 45. Ke2 Kd5 46. Kd3 c5 47. Nf6+ 1-0

[Event "Late-Titled-Tuesday-Blitz-October-17-2023"]
[Site "Chess.com"]
[Date "2023.10.17"]
[Round "9"]
[White "Noki102"]
[Black "Mariia89"]
[Result "1-0"]
[WhiteElo "2441"]
[BlackElo "2137"]
[TimeControl "180+1"]
[EndTime "15:41:23 PDT"]
[Termination "Noki102 won on time"]

1. d4 Nf6 2. Nf3 c5 3. e3 cxd4 4. exd4 d5 5. Bd3 Bg4 6. c3 e6 7. Qa4+ Nfd7 8. Ne5 Bh5 9. O-O Bd6 10. Bf4 Bxe5 11.
Bxe5 Nc6 12. Bg3 O-O 13. Re1 Bg6 14. Bf1 Qg5 15. h4 Qg4 16. Nd2 e5 17. Be2 Qf5 18.
dxe5 Ndxe5 19. Nf3 Nd3 20. Bxd3 Qxd3 21. Rad1 Qc4 22.
Qa3 Rfe8 23. Ne5 Nxe5 24. Bxe5 Qxh4 25. Qb3 Be4 26. Qxb7 Qg5 27. Bg3 h5 28. f3 Qxg3 29. fxe4 dxe4 30. Rxe4 Rxe4 31. Qxa8+ Kh7 32. Qxe4+ g6 33.
Rf1 Qc7 34. Qf4 Qb6+ 35. Qf2 Qxf2+ 36. Rxf2 1-0

[Event "Late-Titled-Tuesday-Blitz-October-17-2023"]
[Site "Chess.com"]
[Date "2023.10.17"]
[Round "9"]
[White "C_K_G"]
[Black "McCarthyStone"]
[Result "0-1"]
[WhiteElo "1887"]
[BlackElo "2415"]
[TimeControl "180+1"]
[EndTime "15:41:23 PDT"]
[Termination "McCarthyStone won on time"]

1. e4 c5 2. Nf3 d6 3. d4 cxd4 4. Nxd4 Nf6 5. Nc3 a6 6. Be2 e6 7.
Be3 Nbd7 8. O-O b5 9. f4 Bb7 10. Bf3 Nc5 11. e5 dxe5 12. fxe5 Nd5 13. Nxd5 Bxd5 14.
b3 Be7 15. Nc6 Qd7 16. Nxe7 Qxe7 17. Bxd5 exd5 18. Qxd5 Rc8 19. Rf3 O-O 20. Rg3 Qe6 21.
Qd4 Rfd8 22. Qf4 Nd7 23. Bd4 Nf8 24. c3 Ng6 25. Qe4 Qd5 26. Re1 Qe6 27. h3 Re8 28.
Rf3 Rcd8 29. Kh2 Rd5 30. Rfe3 Red8 31. Kh1 b4 32. R1e2 bxc3 33. Bxc3 Rd1+ 34. Kh2 h5 35.
Rf3 h4 36. Ref2 R1d7 37. Qf5 Qxf5 38. Rxf5 Re8 39. Rg5 Rd5 40. Re2 Re6 41. Bb2 Nf4 42.
Re4 Nd3 43. Ba3 Nxe5 44. Rxh4 Nf3+ 45. gxf3 Rxg5 46. Rg4 Re2+ 47. Kg3 Rxg4+ 48. hxg4 Rxa2 49. Bc5 a5 50. Bb6 Kf8 51. Kf4 Ke7 52. Ke4 Kd6 53.
Bd4 f6 54. Kf5 Ra3 55. Bc3 Kc6 56. Kg6 Kb5 0-1